 Dungeon Crawl Stone Soup version 0.28.0-43-g3370ac3207 (webtiles) character file.

Game seed: 10750798189186196865

51 tizbic2 the Caller (level 3, -1/27 HPs)
             Began as a Demonspawn Summoner on Mar 13, 2022.
             Slain by an iron imp (2 damage)
             ... summoned by Natasha
             ... on level 2 of the Dungeon.
             The game lasted 00:06:18 (1252 turns).

tizbic2 the Caller (Demonspawn Summoner)            Turns: 1252, Time: 00:06:18

Health: -1/27      AC:  3    Str:  8    XL:     3   Next: 58%
Magic:  4/6        EV: 11    Int: 18    God:
Gold:   23         SH:  0    Dex: 13    Spells: 5/6 levels left

rFire   . . .      SeeInvis .   f - +2 short sword (speed)
rCold   . . .      Faith    .   (no shield)
rNeg    . . .      Spirit   .   j - +0 leather armour
rPois   .          Reflect  .   (no helmet)
rElec   .          Harm     .   (no cloak)
rCorr   .          Rampage  .   (no gloves)
Will    .....                   (no boots)
Stlth   ++........              (no amulet)
HPRegen 0.09/turn               (no ring)
MPRegen 0.10/turn               (no ring)

@: no status effects
A: demonic guardian 1, foul stench 1
a: no special abilities


You were on level 2 of the Dungeon.
You visited 1 branch of the dungeon, and saw 2 of its levels.

You collected 23 gold pieces.

Inventory:

Hand Weapons
 f - a +2 short sword of speed (weapon)
 l - a +0 hand axe
Armour
 a - a +0 robe
 g - a +0 ring mail
 j - a +0 leather armour (worn)
Scrolls
 b - a scroll of fear {unknown}
 c - a scroll of noise {unknown}
 d - 2 scrolls of fog {unknown}
 h - a scroll of identify {unknown}
Potions
 e - 2 potions of lignification {unknown}
 i - a potion of berserk rage {unknown}
 k - a potion of curing {unknown}
 m - a potion of degeneration {unknown}
 n - a potion of might {unknown}


   Skills:
 * Level 1.9 Fighting
 - Level 1.7 Dodging
 - Level 1.7 Stealth
 + Level 2.4 Spellcasting
 * Level 4.6 Summonings


You had 5 spell levels left.
You knew the following spells:

 Your Spells              Type           Power      Damage    Failure   Level
a - Summon Small Mammal   Summ           72%        N/A       3%          1

Your spell library contained the following spells:

 Spells                   Type           Power      Damage    Failure   Level
 Call Imp                 Summ           18%        N/A       6%          2
 Call Canine Familiar     Summ           18%        N/A       12%         3
 Magic Dart               Conj           8%         1d3       26%         1
 Slow                     Hex            8%         N/A       26%         1
 Summon Guardian Golem    Hex/Summ       10%        N/A       30%         3
 Searing Ray              Conj           4%         2d4       36%         2
 Confusing Touch          Hex            2%         N/A       58%         3
 Vampiric Draining        Necr           2%         2d6       58%         3
 Summon Lightning Spire   Summ/Air       10%        N/A       69%         4
 Fulminant Prism          Conj/Hex       1%         3d6       94%         4


Dungeon Overview and Level Annotations

Branches:
Dungeon (2/15)

Altars:

Shops:
D:1 :

Annotations:
D:2 Natasha


Innate Abilities, Weirdness & Mutations

A weak demonic guardian rushes to your aid.
You may rarely emit foul miasma when damaged in melee.


Message History

Your bat hits the goblin.
There is a stone staircase leading down here.
A ball python comes into view.
Your bat barely misses the goblin.
Your bat hits the white imp but does no damage.
The endoplasm hits your rat. Natasha claws your bat.
Your bat dies!
Your bat's corpse disappears in a puff of smoke!
The goblin hits your rat with a +0 club.
Your rat dies!
Your rat's corpse disappears in a puff of smoke!
The endoplasm barely misses you. The goblin hits you but does no damage.
You hit the goblin.
You kill the goblin!
Natasha hisses.
The endoplasm hits you.
You hit Natasha but do no damage. Natasha claws you!
* * * LOW HITPOINT WARNING * * *
A demonic guardian appears!
The endoplasm closely misses you.
You barely miss Natasha.
The ball python hisses angrily.
Natasha casts a spell.
You hit Natasha but do no damage. The endoplasm freezes you.
You are frozen.
* * * LOW HITPOINT WARNING * * *
Your ufetubus closely misses Natasha.
Your ufetubus misses Natasha. You closely miss Natasha.
Natasha barely misses you. The iron imp barely misses you.
Your ufetubus hits Natasha but does no damage.
Your ufetubus hits Natasha. The endoplasm barely misses you.
You miss Natasha.
Natasha is lightly wounded.
Your ufetubus closely misses Natasha. x2; Natasha claws you but does no damage.
You hit Natasha.
Natasha is moderately wounded.
The endoplasm hits you.
* * * LOW HITPOINT WARNING * * *
The iron imp hits you.
You die...

#.#.#####.#
#.........#
###†####### #.#
#######.#
........######
#######.##...######
........5#5..S.....
....#...5h@..#
.##......J>5##
.#####..#####
........# ........#
#######'# ... J....
g......


You could see an iron imp (summoned), Natasha (ally target), 2 white imps, an
endoplasm, a ball python and a friendly ufetubus (summoned).

Vanquished Creatures
  2 adders (D:2)
  A worm (D:2)
  2 dart slugs
  4 giant cockroaches
  A goblin (D:2)
  A hobgoblin (D:1)
  A kobold (D:1)
  A frilled lizard (D:1)
  2 rats (D:2)
15 creatures vanquished.

Vanquished Creatures (collateral kills)
  A ball python (D:1)
  2 endoplasms
  A giant cockroach (D:1)
  A goblin (D:1)
  A kobold (D:1)
  A quokka (D:1)
  A frilled lizard (D:1)
  2 rats (D:1)
10 creatures vanquished.

Grand Total: 25 creatures vanquished

Notes
Turn   | Place    | Note
-------+----------+-------------------------------------------
     0 | D:1      | tizbic2 the Demonspawn Summoner began the quest for the
                  | Orb.
     0 | D:1      | Reached XP level 1. HP: 13/13 MP: 3/3
   173 | D:1      | Found Fahaqis's Book Shoppe.
   262 | D:1      | Gained mutation: A weak demonic guardian rushes to your
                  | aid. [demonic ancestry]
   262 | D:1      | Reached XP level 2. HP: 20/20 MP: 1/5
   304 | D:1      | Reached skill level 1 in Fighting
   957 | D:2      | Gained mutation: You may rarely emit foul miasma when
                  | damaged in melee. [demonic ancestry]
   957 | D:2      | Reached XP level 3. HP: 18/26 MP: 4/6
  1225 | D:2      | Noticed Natasha
  1252 | D:2      | HP: 1/27 [endoplasm (2)]
  1252 | D:2      | Slain by an iron imp

Illustrated notes

Levels and vault maps discovered:
D:1:      minmay_arrival_open_corners, layout_loops_ring, serial_shops, shop,
          minmay_hedge_maze, st_stairs_2, minmay_worlds_worst_comb
D:2:      layout_loops_corners, shapermc_ecumenical_altar_acropolis,
          patterned_corridor, uniq_natasha

Skill      XL: |  1  2 |
---------------+-------+-----
Fighting       | 1 |  1.9
Dodging        | |  1.7
Stealth        | |  1.7
Spellcasting   | |  2.4
Summonings     | |  4.6

Action                   || total
-------------------------++-------
Melee: Unarmed           ||    11
       Short sword       ||    59
       Punch             ||     1
 Cast: Summon Small Mamm ||    30
Armor: Robe              ||     1
       Ring mail         ||     7
       Leather armour    ||     7
Dodge: Dodged            ||    32
